 Dungeon Crawl Stone Soup version 0.27-a0-1545-g3eddc1d3d3 (webtiles) character file.

Game seed: 214645662214418860

6370 Morbidden the Magician (level 10, -5/73 HPs)
             Began as a Demonspawn Venom Mage on July 12, 2021.
             Was a High Priest of Vehumet.
             Slain by a shadow (24 damage)
             ... on level 9 of the Dungeon on July 13, 2021.
             The game lasted 00:27:23 (13360 turns).

Morbidden the Magician (Demonspawn Venom Mage)     Turns: 13360, Time: 00:27:24

Health: -5/73      AC:  4    Str: 12    XL:     10   Next: 65%
Magic:  19/21      EV: 13    Int: 17    God:    Vehumet [*****.]
Gold:   1183       SH:  8    Dex: 13    Spells: 9/24 levels left

rFire    . . .     SeeInvis .   a - +3 dagger (elec)
rCold    . . .     Faith    .   y - +0 buckler
rNeg     . . .     Spirit   .   f - +0 robe
rPois    .         Reflect  .   (helmet restricted)
rElec    .         Harm     .   p - +0 cloak
rCorr    +         Rampage  .   j - +0 pair of gloves
Will     .....                  (no boots)
Stlth    ++........             u - amulet of magic regeneration
HPRegen  0.22/turn              l - ring of resist corrosion
MPRegen  0.42/turn              z - ring of flight

@: flying
A: horns 1, large bone plates 1, demonic magic 2
a: Renounce Religion


You were on level 9 of the Dungeon.
You worshipped Vehumet.
Vehumet was extremely pleased with you.
You visited 1 branch of the dungeon, and saw 9 of its levels.
You also visited: Ossuary.

You collected 1183 gold pieces.

Inventory:

Hand Weapons
 a - a +3 dagger of electrocution (weapon)
Missiles
 c - 8 curare-tipped darts (quivered)
Armour
 f - a +0 robe (worn)
 j - a +0 pair of gloves (worn)
 p - a +0 cloak (worn)
 y - a +0 buckler (worn)
 B - a scarf of shadows
Jewellery
 l - a ring of resist corrosion (left hand)
 u - an amulet of magic regeneration (around neck)
 x - a ring of fire
 z - a ring of flight (right hand)
Wands
 k - a wand of iceblast (8)
 A - a wand of flame (5)
 F - a wand of polymorph (5)
Scrolls
 b - a scroll of vulnerability
 d - 5 scrolls of identify
 h - 3 scrolls of enchant armour
 o - a scroll of fog
 q - 3 scrolls of teleportation {unknown}
 t - a scroll of summoning {unknown}
 w - a scroll of amnesia
Potions
 e - 5 potions of curing
 g - 2 potions of haste {unknown}
 i - 3 potions of attraction {unknown}
 m - a potion of magic
 n - a potion of cancellation
 r - 3 potions of might
 s - 2 potions of berserk rage {unknown}
 v - 2 potions of lignification {unknown}
 C - a potion of ambrosia {unknown}
 D - a potion of flight {unknown}
 E - a potion of heal wounds {unknown}
 G - a potion of degeneration {unknown}


   Skills:
 * Level 4.6 Fighting
 * Level 4.6 Short Blades
 + Level 0.1 Throwing
 * Level 4.6 Dodging
 + Level 4.0 Stealth
 * Level 2.5 Shields
 + Level 0.3 Unarmed Combat
 * Level 7.6 Spellcasting
 * Level 3.0 Conjurations
 * Level 4.5 Transmutations
 + Level 4.2 Air Magic
 + Level 7.1 Poison Magic


You had 9 spell levels left.
You knew the following spells:

 Your Spells              Type           Power      Damage    Failure   Level
a - Airstrike             Air            10%        N/A       6%          4
b - Poisonous Vapours     Pois/Air       50%        N/A       1%          2
c - Olgreb's Toxic Radia  Pois           30%        N/A       1%          4
d - Static Discharge      Conj/Air       18%        N/A       1%          2
e - Sting                 Tmut/Pois      100%       1d8       1%          1
z - Searing Ray           Conj           32%        3d4       1%          2

Your spell library contained the following spells:

 Spells                   Type           Power      Damage    Failure   Level
 Mephitic Cloud           Conj/Pois/Air  22%        N/A       1%          3
 Dispersal                Tloc           3%         N/A       100%        6
 Disjunction              Tloc           3%         N/A       100%        8


Dungeon Overview and Level Annotations

Branches:
Dungeon (9/15)             Temple (0/1) D:5         Ossuary (visited)
   Lair: D:8-11         Orc: D:9-12

Altars:
Ashenzari
Cheibriados
Hepliaklqana
Kikubaaqudgha
Makhleb
Nemelex Xobeh
Vehumet
Wu Jian
Yredelemnul
Zin

Annotations:
D:9 exclusion: ice statue


Innate Abilities, Weirdness & Mutations

You have a pair of small horns on your head.
You are partially covered in large bone plates. (SH +4)
Spells you cast may paralyse nearby enemies.


Message History

You kill the bullfrog!
Vehumet accepts your kill.
You feel your power returning.
The two-headed ogre looks as sick as possible!
Your toxic aura wanes.
Unknown command.
Unknown command.
Unknown command.
Casting: Olgreb's Toxic Radiance (dangerous; 1% risk of failure)
Confirm with . or Enter, or press ? or * to list all spells.
You begin to radiate toxic energy.
The two-headed ogre looks as sick as possible!
Malevolent energies surge around you.
The two-headed ogre hits you with a +0 giant club!
The two-headed ogre closely misses you.
Your toxic aura wanes.
The two-headed ogre closely misses you. x2
Unknown command.
Unknown command.
You barely miss the two-headed ogre.
The two-headed ogre is severely wounded.
The two-headed ogre barely misses you.
The two-headed ogre hits you with a +0 giant spiked club!!
Unknown command.
Unknown command.
The shadow strikes at you from the darkness!
* * * LOW HITPOINT WARNING * * *
Reactivating autopickup.
The shadow slips into darkness.
The shadow flickers and vanishes!
Deactivating autopickup; reactivate with Ctrl-A.
Unknown command.
You feel better.
Unknown command.
Unknown command.
Aiming: Iceblast
Press: ? - help, Shift-Dir - straight line The mass of ice explodes!
The iceblast engulfs something!
The shadow strikes at you from the darkness!
You die...

...........#............###'###..
...........#............#.....#..
...........+...#######..#<....#..
...........#...#.....#..#.....#..
...........##..#.....#..#.....#..
............#..+.....'..##....#..
#######.....#..#.....#...#....#..
......#.....#..#######...#..###..
......#######...@........#..#....
.........................#..#....
.........................##'#....
.................................
........................)...#####
####################........#...#
..........(.................'...#
............................#...#
###.........########........###+#


There were no monsters in sight!

Vanquished Creatures
  2 two-headed ogres (D:9)
  Pikel (D:6)
  A basilisk (D:8)
  Duvessa (D:5)
  A water moccasin (D:6)
  2 sky beasts
  2 orc warriors (D:8)
  3 ice beasts
  A necrophage (D:4)
  3 ogres
  6 centaurs (D:6)
  A phantom (D:5)
  2 lemures (D:6)
  2 kobold brigands
  A wyvern zombie (D:6)
  2 bullfrogs
  3 scorpions (D:5)
  Dowan (D:5)
  12 killer bees (D:9)
  3 howler monkeys
  2 vampire bats (D:7)
  2 centaur zombies
  4 hounds
  3 jellies
  2 bullfrog zombies
  3 gnoll shamans
  3 orc priests
  An iguana (D:5)
  12 orc wizards
  A killer bee zombie (D:7)
  A hound zombie (D:5)
  A hound skeleton (D:4)
  8 mummies (Ossuary)
  24 gnolls
  A howler monkey zombie (D:8)
  11 adders
  A white imp (D:5)
  2 ufetubi
  2 worms
  2 dart slugs
  35 orcs
  3 ball pythons
  4 bat skeletons (D:7)
  3 bat zombies (D:7)
  13 endoplasms
  4 giant cockroaches
  8 goblins
  9 hobgoblins
  6 jackals (D:1)
  22 kobolds
  5 quokkas
  5 bats
  3 frilled lizards
  A gnoll zombie (Ossuary)
  A hobgoblin zombie (Ossuary)
  4 kobold zombies (Ossuary)
  2 orc zombies (Ossuary)
  7 rats
  A rat zombie (D:5)
  A butterfly (D:5)
273 creatures vanquished.

Notes
Turn   | Place    | Note
-------+----------+-------------------------------------------
     0 | D:1      | Morbidden the Demonspawn Venom Mage began the quest for the
                  | Orb.
     0 | D:1      | Reached XP level 1. HP: 13/13 MP: 3/3
   166 | D:1      | Reached skill level 1 in Transmutations
   523 | D:1      | Gained mutation: Spells you cast may paralyse adjacent
                  | enemies. [demonic ancestry]
   523 | D:1      | Reached XP level 2. HP: 19/19 MP: 5/5
  1371 | D:1      | Reached XP level 3. HP: 21/24 MP: 3/6
  1526 | D:1      | Learned a level 2 spell: Poisonous Vapours
  2139 | D:2      | Reached skill level 1 in Air Magic
  2358 | D:2      | Gained mutation: Spells you cast may paralyse nearby
                  | enemies. [demonic ancestry]
  2358 | D:2      | Reached XP level 4. HP: 18/30 MP: 1/7
  2775 | D:2      | Found a radiant altar of Vehumet.
  2929 | D:2      | Became a worshipper of Vehumet
  3218 | D:2      | Found a faded altar of an unknown god.
  3877 | D:3      | Found a faded altar of an unknown god.
  3877 | D:3      | Found a faded altar of an unknown god.
  3877 | D:3      | Found a hazy altar of Hepliaklqana.
  3877 | D:3      | Noticed a sky beast
  3884 | D:3      | Killed a sky beast
  3885 | D:3      | Reached skill level 1 in Short Blades
  3885 | D:3      | Reached XP level 5. HP: 33/36 MP: 1/9
  3961 | D:3      | Found a faded altar of an unknown god.
  4063 | D:3      | Learned a level 4 spell: Olgreb's Toxic Radiance
  4545 | D:4      | Reached * piety under Vehumet
  4545 | D:4      | Offered knowledge of Magic Dart by Vehumet.
  4546 | D:4      | Reached skill level 1 in Fighting
  4546 | D:4      | Reached XP level 6. HP: 39/43 MP: 5/10
  4772 | D:4      | Found an ornate altar of the Wu Jian Council.
  4772 | D:4      | Found a sparkling altar of Nemelex Xobeh.
  5357 | D:5      | Entered Level 5 of the Dungeon
  5544 | D:5      | Gained mutation: You have a pair of small horns on your
                  | head. [demonic ancestry]
  5544 | D:5      | Reached XP level 7. HP: 27/49 MP: 9/12
  5626 | D:5      | Noticed Duvessa
  5626 | D:5      | Noticed Dowan
  5638 | D:5      | Killed Duvessa
  5646 | D:5      | Killed Dowan
  5760 | D:5      | Reached skill level 5 in Poison Magic
  5760 | D:5      | Found a staircase to the Ecumenical Temple.
  5806 | D:5      | Found a broken altar of Ashenzari.
  5901 | D:5      | Found a sand-covered staircase.
  5910 | Ossuary  | Entered an ossuary
  6002 | Ossuary  | Reached ** piety under Vehumet
  6255 | Ossuary  | Offered knowledge of Static Discharge by Vehumet.
  6259 | Ossuary  | Learned a level 2 spell: Static Discharge
  6374 | Ossuary  | Reached XP level 8. HP: 56/56 MP: 10/14
  7145 | D:5      | Upgraded the game from 0.27-a0-1529-g1e82c303ef to
                  | 0.27-a0-1545-g3eddc1d3d3
  7200 | D:6      | Noticed Pikel
  7490 | D:6      | Killed Pikel
  7491 | D:6      | Reached skill level 5 in Spellcasting
  7584 | D:6      | Offered knowledge of Searing Ray by Vehumet.
  7590 | D:6      | Gained mutation: You are partially covered in large bone
                  | plates. (SH +4) [demonic ancestry]
  7590 | D:6      | Reached XP level 9. HP: 47/63 MP: 7/16
  7634 | D:6      | Learned a level 2 spell: Searing Ray
  7693 | D:6      | Reached *** piety under Vehumet
  8364 | D:6      | Reached skill level 1 in Conjurations
  8493 | D:6      | Identified the +3 broad axe of Prudence {flame, rPois}
  9121 | D:6      | Offered knowledge of Dazzling Flash by Vehumet.
  9122 | D:6      | Reached skill level 1 in Shields
  9781 | D:7      | Found a snail-covered altar of Cheibriados.
  9784 | D:7      | Found a basalt altar of Yredelemnul.
 10341 | D:7      | Found an ancient bone altar of Kikubaaqudgha.
 10543 | D:8      | Found a burning altar of Makhleb.
 10590 | D:8      | Noticed an angel
 10591 | D:8      | Noticed a blizzard demon
 10814 | D:8      | Reached **** piety under Vehumet
 10927 | D:8      | Reached XP level 10. HP: 60/71 MP: 19/19
 11111 | D:8      | Offered knowledge of Yara's Violent Unravelling by Vehumet.
 11820 | D:9      | Reached ***** piety under Vehumet
 11820 | D:9      | Offered knowledge of Airstrike by Vehumet.
 11863 | D:9      | Learned a level 4 spell: Airstrike
 12179 | D:9      | Noticed a two-headed ogre
 12190 | D:9      | Killed a two-headed ogre
 12493 | D:9      | Noticed an ice statue
 12546 | D:9      | HP: 3/73 [something] (16)]
 13262 | D:9      | Noticed a two-headed ogre
 13275 | D:9      | Killed a two-headed ogre
 13328 | D:9      | Noticed a two-headed ogre
 13360 | D:9      | Slain by a shadow

Illustrated notes

Levels and vault maps discovered:
D:1:      ebering_hopf_link, layout_basic, minmay_pentomino_o2
D:2:      layout_loops_ring, basic_altar,
          hellmonk_ecumenical_altar_leap_of_faith, minmay_misc_feat_enclosed
D:3:      layout_rooms, nicolae_hepliaklqana_ecumenical_no_more
D:4:      layout_rooms, minitemple, minmay_liquid_box,
          minmay_goblin_kobold_house
D:5:      layout_basic, mainiacjoe_overflow_catwalk,
          minmay_temple_entry_butterflies, enter_ossuary_3,
          minmay_fractal_squares_gapless_5, uniq_duvessa
D:6:      layout_cave_pools, centaur_isle, uniq_pikel
D:7:      layout_basic, mainiacjoe_overflow_catwalk_spiral,
          kennysheep_vampire_church
D:8:      minmay_goldmine, layout_basic, grunt_temple_overflow_order_and_chaos_2
D:9:      minmay_statue_hallways, layout_irregular_city

Skill      XL: |  1  2  3  4  5  6  7  8  9 10 |
---------------+-------------------------------+-----
Transmutations | 1 2 3 4 |  4.5
Stealth        | 2 3 4 |  4.0
Air Magic      | 1 2 3 4 |  4.2
Short Blades   | 1 2 3 4 |  4.6
Dodging        | 2 3 4 |  4.6
Poison Magic   | 4 5 6 7 |  7.1
Spellcasting   | 3 4 5 6 7 |  7.6
Fighting       | 1 2 3 4 |  4.6
Conjurations   | 2 3 |  3.0
Shields        | 1 2 |  2.5
Throwing       | |  0.1
Unarmed Combat | |  0.3

Action                   |  1- 3 |  4- 6 |  7- 9 | 10-12 || total
-------------------------+-------+-------+-------+-------++-------
Melee: Unarmed           |    17 |       |       |       ||    17
       Short sword       |    30 |       |       |       ||    30
       Dagger            |    20 |    81 |   128 |    40 ||   269
       Headbutt          |       |       |    11 |     5 ||    16
Throw: Dart              |     1 |     1 |     6 |       ||     8
 Cast: Sting             |    63 |    55 |    99 |     7 ||   224
       Poisonous Vapours |     7 |    30 |    42 |     1 ||    80
       Olgreb's Toxic Ra |       |       |    42 |    34 ||    76
       Searing Ray       |       |       |     2 |       ||     2
       Airstrike         |       |       |       |    19 ||    19
Evoke: Wand              |       |       |       |     1 ||     1
  Use: Scroll            |       |     8 |     2 |       ||    10
       Potion            |       |       |     4 |     2 ||     6
 Stab: Sleeping          |     3 |     5 |     5 |       ||    13
       Paralysed         |     7 |    17 |    38 |     4 ||    66
Armor: Robe              |    21 |    10 |    33 |     3 ||    67
Dodge: Dodged            |    50 |    42 |    94 |    19 ||   205
Block: Buckler           |       |       |    34 |    10 ||    44
       Other             |       |       |     6 |       ||     6

Table legend: (Time is in decaauts)
 A = Elapsed time spent in this place.
 B = Non-inter-level travel time spent in this place.
 C = Inter-level travel time spent in this place.
 D = Time resting spent in this place.
 E = Time spent auto-exploring this place.
 F = Levels seen in this place.
 G = Mean time per level.
                   A        B        C        D        E       F      G
               +--------+--------+--------+--------+--------+-----+--------+
         Total |  13332 |  13071 |    261 |   2362 |   8541 |  10 | 1333.2 |
       Dungeon |  12697 |  12436 |    261 |   2008 |   8414 |   9 | 1410.8 |
       Ossuary |    634 |    634 |      0 |    354 |    127 |   1 |  634.0 |
               +--------+--------+--------+--------+--------+-----+--------+

Top non-repeatable levels by time:
     D:6: 2058 daAuts
     D:1: 1880 daAuts
     D:9: 1647 daAuts
     D:5: 1544 daAuts
     D:2: 1377 daAuts
     D:8: 1235 daAuts
     D:4: 1088 daAuts
     D:3: 1006 daAuts
     D:7: 857 daAuts
 Ossuary: 634 daAuts
